 Dungeon Crawl Stone Soup version 0.19.0-18-g426998a (webtiles) character file.

744 dracos369 the Carver (level 7, 0/55 HPs)
             Began as a Black Draconian Warper on Nov 11, 2016.
             Was an Initiate of Ru.
             Killed themself with a badly aimed orb of electricity (6 damage)
             ... on level 3 of the Dungeon.
             The game lasted 00:18:13 (3113 turns).

dracos369 the Carver (Black Draconian Warper)       Turns: 3113, Time: 00:18:14

Health: 0/55       AC:  6    Str: 14    XL:     7   Next: 47%
Magic:  10/10      EV: 12    Int: 13    God:    Ru [......]
Gold:   218        SH:  0    Dex: 12    Spells: 2 memorised, 6 levels left

rFire  . . .     SeeInvis .     a - +2 dagger (drain)
rCold  . . .     Gourm    .     (armour unavailable)
rNeg   . . .     Faith    +     (no shield)
rPois  .         Spirit   .     (helmet restricted)
rElec  +         Reflect  .     (no cloak)
rCorr  .         Harm     .     (no gloves)
MR     .....                    (no boots)
Stlth  +.........               v - amulet of faith
                                (no ring)
                                (no ring)

@: no status effects
A: breathe lightning, unfitting armour, electricity resistance, cold-blooded, AC
+6
a: Breathe Lightning, Renounce Religion


You were on level 3 of the Dungeon.
You worshipped Ru.
Ru was noncommittal.
You were hungry.

You visited 1 branch of the dungeon, and saw 4 of its levels.

You collected 218 gold pieces.

Inventory:

Hand Weapons
 a - a +2 dagger of draining (weapon)
 b - a +0 hunting sling
 d - the +7 hand axe of Courage {freeze, +Rage rPois Int+3}
   (You found it on level 4 of the Dungeon)

   It has been specially enchanted to freeze those struck by it, causing extra
   injury to most foes and up to half again as much damage against particularly
   susceptible opponents.
   It can also slow down cold-blooded creatures.
   It affects your intelligence (+3).
   It protects you from poison.
   It lets you go berserk.
 A - a +0 falchion
Missiles
 p - 9 javelins (quivered)
 y - 48 stones
 z - 2 tomahawks
Jewellery
 v - an amulet of faith (around neck)
Wands
 k - a wand of lightning (4/15)
Scrolls
 c - a scroll of blinking
 e - 3 scrolls of remove curse {unknown}
 g - a scroll of fog {unknown}
 h - 3 scrolls of enchant armour {unknown}
 i - 3 scrolls of identify {unknown}
 n - a scroll of magic mapping {unknown}
 q - 2 scrolls of immolation {unknown}
 u - a scroll of teleportation {unknown}
Potions
 j - a potion of brilliance
 o - a potion of haste {unknown}
 r - a potion of ambrosia {unknown}
 s - a potion of magic {unknown}
 t - a potion of cancellation {unknown}
 w - a potion of degeneration {unknown}
Books
 x - a book of Spatial Translocations

   Spells                             Type                      Level
   a - Blink                          Translocation                2
   b - Shroud of Golubria             Charms/Translocation         2
   c - Lesser Beckoning               Translocation                3
   d - Portal Projectile              Translocation                3
   e - Teleport Other                 Translocation                3
   f - Passage of Golubria            Translocation                4
Comestibles
 f - 2 bread rations
 l - a meat ration
 B - 7 chunks of flesh


   Skills:
 - Level 2.1 Fighting
 + Level 8.6 Long Blades
 - Level 0.8 Throwing
 - Level 2.1 Dodging
 - Level 2.0 Spellcasting
 - Level 3.0 Translocations


You had 6 spell levels left.
You knew the following spells:

 Your Spells              Type           Power        Failure   Level  Hunger
b - Blink                 Tloc           N/A          12%         2    ###....
g - Shroud of Golubria    Chrm/Tloc      #.........   21%         2    ###....


Dungeon Overview and Level Annotations

Branches:
Dungeon (4/15)
 Temple: D:4-7

Altars:
Ru


Innate Abilities, Weirdness & Mutations

You can breathe wild blasts of lightning.
Your glossy black scales are hard. (AC +6)
You cannot fit into any form of body armour.
You are resistant to electric shocks. (rElec)
You are cold-blooded and may be slowed by cold attacks.


Message History

Unknown command.
You are too injured to fight recklessly!
You closely miss the hound. The hound bites you but does no damage.
You barely miss the hound. The hound bites you.
* * * LOW HITPOINT WARNING * * *
You hit the hound.
The hound is lightly wounded.
The hound misses you.
You have got your breath back.
The hound barely misses you.
Okay, then.
Okay, then.
You barely miss the hound.
Your tail-slap misses the hound.
The hound is lightly wounded.
The hound bites you but does no damage.
You breathe a wild blast of lightning!
The orb of electricity explodes!
The orb of electricity engulfs the hound.
The hound is almost dead.
The orb of electricity engulfs you! You resist.
You die...

#.# #.#.## #.# #.#...
###################.###.#.##
#)..........................
#.#######.####.####.###.#.##
#.##......# #.# #.# #.#.#.
#.##......# #.# #.# #.#.#.
#.##......####.####.###.#.#.
#.##.....>h@................
#.############.#.##.###.#)#.
#.# #######..#.##.....#.#.
#.#####........#.########.#.
#.##.)....#.............#.#.
#.##.##.#.#....#........#.#.
#.##.##.#.#....##########.#.
#.##.##.#..............##.#.
#.##.##.#...##########.##.#.


You could see a hound.

Vanquished Creatures
  Sigmund (D:2)
  Duvessa (D:4)
  An ogre (D:3)
  Dowan (D:4)
  A howler monkey (D:4)
  An orc priest (D:3)
  An orc wizard (D:4)
  3 worker ants
  Ijyb (D:2)
  6 adders
  An ooze (D:1)
  3 worms
  A dart slug (D:2)
  A leopard gecko (D:1)
  11 orcs
  6 bats
  4 giant cockroaches
  5 goblins
  10 hobgoblins
  3 kobolds
  8 frilled lizards
  10 rats
80 creatures vanquished.

Notes
Turn   | Place    | Note
-------+----------+-------------------------------------------
     0 | D:1      | dracos369 the Draconian Warper began the quest for the Orb.
     0 | D:1      | Reached XP level 1. HP: 17/17 MP: 3/3
   206 | D:1      | Reached XP level 2. HP: 17/24 MP: 5/5
   213 | D:1      | Reached skill level 3 in Long Blades
   304 | D:1      | Learned a level 2 spell: Shroud of Golubria
   307 | D:1      | Learned a level 2 spell: Blink
   651 | D:2      | Noticed Ijyb
   678 | D:2      | Killed Ijyb
   678 | D:2      | Reached skill level 4 in Long Blades
   678 | D:2      | Reached XP level 3. HP: 13/29 MP: 1/6
   973 | D:2      | Reached XP level 4. HP: 36/36 MP: 2/7
  1452 | D:2      | Noticed Sigmund
  1521 | D:2      | Killed Sigmund
  1521 | D:2      | Reached skill level 6 in Long Blades
  1521 | D:2      | Reached XP level 5. HP: 23/41 MP: 2/8
  1644 | D:2      | Reached XP level 6. HP: 34/48 MP: 6/9
  2003 | D:3      | Found a sacrificial altar of Ru.
  2026 | D:3      | Became a worshipper of Ru the Awakened
  2295 | D:3      | Reached skill level 7 in Long Blades
  2553 | D:2      | You fall through a shaft!
  2625 | D:4      | Got an ichor-stained hand axe
  2626 | D:4      | Identified the +7 hand axe of Courage {freeze, +Rage rPois Int+3} (You found it on level 4 of the Dungeon)
  2910 | D:4      | Noticed Dowan
  2912 | D:4      | Noticed Duvessa
  2948 | D:3      | Your scales start taking on a glossy black colour.
  2948 | D:3      | Reached XP level 7. HP: 52/55 MP: 8/10
  2948 | D:3      | Gained mutation: You are resistant to electric shocks. (rElec) [Black Draconian growth]
  3012 | D:4      | Killed Duvessa
  3012 | D:4      | Reached skill level 8 in Long Blades
  3014 | D:4      | Killed Dowan
  3113 | D:3      | Killed themself with a badly aimed orb of electricity

Skill      XL: |  1  2  3  4  5  6  7 |
---------------+----------------------+-----
Long Blades    | 4 6 7 8 |  8.6
Fighting       | |  2.1
Throwing       | |  0.8
Dodging        | |  2.1
Spellcasting   | |  2.0
Translocations | |  3.0

Action                   |  1- 3 |  4- 6 |  7- 9 || total
-------------------------+-------+-------+-------++-------
Melee: Falchion          |    96 |   153 |       ||   249
       Tailslap          |    13 |    21 |     5 ||    39
       Dagger            |       |    13 |    33 ||    46
       Hand axe          |       |    11 |       ||    11
 Fire: Hunting sling     |       |     6 |    10 ||    16
Throw: Tomahawk          |       |     5 |       ||     5
       Javelin           |       |     4 |       ||     4
 Cast: Shroud of Golubri |     5 |    20 |     1 ||    26
 Abil: Breathe Lightning |       |       |     2 ||     2
  Use: Potion            |       |     5 |     1 ||     6
  Eat: Chunk             |     1 |     9 |       ||    10
Armor: Skin              |    33 |    48 |    12 ||    93
Dodge: Dodged            |    58 |    98 |    24 ||   180
       Rpst.: Falchion   |    17 |    24 |       ||    41
